 Dungeon Crawl Stone Soup version 0.19.5 (webtiles) character file.

239 Doomgape the Insei (level 6, -5/41 HPs)
             Began as a Halfling Monk on Apr 21, 2017.
             Killed from afar by Dowan (20 damage)
             ... with a shard of ice
             ... on level 4 of the Dungeon.
             The game lasted 00:05:59 (3058 turns).

Doomgape the Insei (Halfling Monk)                  Turns: 3058, Time: 00:06:00

Health: -5/41      AC:  3    Str: 17    XL:     6   Next: 29%
Magic:  6/6        EV: 22    Int: 14    God:
Gold:   108        SH:  0    Dex: 19    Spells: 0 memorised, 5 levels left

rFire  . . .     SeeInvis .       - Unarmed
rCold  . . .     Gourm    .     a - +0 robe
rNeg   . . .     Faith    .     (shield restricted)
rPois  .         Spirit   .     (no helmet)
rElec  .         Reflect  .     i - +0 cloak
rCorr  .         Harm     .     (no gloves)
MR     .....                    (no boots)
Stlth  +.........               (no amulet)
                                f - +6 ring of intelligence
                                e - +6 ring of evasion

@: mighty, glowing
A: mutation resistance 1
a: no special abilities


You were on level 4 of the Dungeon.
You were not hungry.

You visited 1 branch of the dungeon, and saw 4 of its levels.

You collected 108 gold pieces.

Inventory:

Armour
 a - a +0 robe (worn)
 i - a +0 cloak (worn)
Jewellery
 e - a +6 ring of evasion (left hand)
 f - a +6 ring of intelligence (right hand)
Scrolls
 c - a scroll of blinking
 m - a scroll of remove curse
Potions
 d - a potion of might
 h - 2 potions of flight
 l - a potion of curing
Comestibles
 b - a bread ration
 g - a beef jerky
 o - a meat ration


   Skills:
 - Level 2.6 Fighting
 - Level 3.2 Dodging
 - Level 2.1 Stealth
 + Level 5.4 Unarmed Combat


You had 5 spell levels left.
You didn't know any spells.

Dungeon Overview and Level Annotations

Branches:
Dungeon (4/15)
 Temple: D:4-7

Altars:
Cheibriados
Gozag
Kikubaaqudgha

Annotations:
D:4 Dowan


Innate Abilities, Weirdness & Mutations

You are small and have problems with some larger weapons.
You are somewhat resistant to further mutation.


Message History

Dowan casts a spell at you. The puff of flame misses you.
The puff of flame hits Duvessa.
Duvessa dies!
Dowan screams in horror.
Dowan seems to find hidden reserves of power!
Your Unarmed Combat skill increases to level 5!
You have reached level 6!
Your experience leads to an increase in your attributes!
Your base attributes are Str 12, Int 8, Dex 18.
Increase (S)trength, (I)ntelligence, or (D)exterity?
You feel agile.
Okay, then.
You barely miss Dowan. Dowan closely misses you.
You closely miss Dowan. Dowan hits you but does no damage.
You hit Dowan.
Dowan is moderately wounded.
Dowan completely misses you. Dowan casts a spell at you.
The shard of ice hits you!
You die...

... #.# ..# # #.#
####..#.# #.#
........ #.#
#...(.#.#
#.#########.#......
#..................
###########.##....
#e# ) #@# #)# #.#
#?# #.# #.# #.# #.#


You could see Dowan.

Vanquished Creatures
  8 adders
  An ooze (D:1)
  3 worms
  2 dart slugs (D:2)
  A leopard gecko (D:2)
  An orc (D:3)
  5 bats
  5 giant cockroaches
  8 goblins
  7 hobgoblins
  2 jackals (D:2)
  5 kobolds
  A quokka (D:2)
  2 ball pythons
  5 frilled lizards
  3 rats
59 creatures vanquished.

Vanquished Creatures (others)
  Duvessa (D:4)
1 creature vanquished.

Grand Total: 60 creatures vanquished

Notes
Turn   | Place    | Note
-------+----------+-------------------------------------------
     0 | D:1      | Doomgape the Halfling Monk began the quest for the Orb.
     0 | D:1      | Reached XP level 1. HP: 15/15 MP: 1/1
    66 | D:1      | Reached XP level 2. HP: 20/20 MP: 2/2
   143 | D:1      | Reached skill level 3 in Unarmed Combat
   517 | D:1      | Reached XP level 3. HP: 25/25 MP: 3/3
   948 | D:2      | Found an opulent altar of Gozag.
  1114 | D:2      | Reached XP level 4. HP: 21/30 MP: 4/4
  1329 | D:2      | Reached skill level 4 in Unarmed Combat
  1378 | D:2      | Found a snail-covered altar of Cheibriados.
  1876 | D:2      | Reached XP level 5. HP: 35/35 MP: 5/5
  2312 | D:3      | Found an ancient bone altar of Kikubaaqudgha.
  3039 | D:4      | Noticed Duvessa
  3039 | D:4      | Noticed Dowan
  3055 | D:4      | Killed Duvessa
  3055 | D:4      | Reached skill level 5 in Unarmed Combat
  3055 | D:4      | Reached XP level 6. HP: 14/41 MP: 6/6
  3058 | D:4      | Killed from afar by Dowan

Skill      XL: |  1  2  3  4  5 |
---------------+----------------+-----
Unarmed Combat | 3 4 5 |  5.4
Fighting       | |  2.6
Dodging        | |  3.2
Stealth        | |  2.1

Action                   |  1- 3 |  4- 6 || total
-------------------------+-------+-------++-------
Melee: Unarmed           |    98 |   158 ||   256
       Punch             |     2 |     3 ||     5
  Use: Scroll            |     5 |     2 ||     7
       Potion            |       |     4 ||     4
 Stab: Sleeping          |     2 |     8 ||    10
  Eat: Chunk             |     1 |     6 ||     7
Armor: Robe              |     8 |    11 ||    19
Dodge: Dodged            |    65 |   107 ||   172
